 Dungeon Crawl Stone Soup version 0.16.1-25-gbcee3f8 (webtiles) character file.

870 DRC the Ducker (level 7, -1/53 HPs)
             Began as a Demonspawn Gladiator on May 20, 2015.
             Was an Initiate of Dithmenos.
             Slain by a gnoll
             ... wielding a +0 whip
              (2 damage)
             ... on level 5 of the Dungeon.
             The game lasted 00:30:54 (6005 turns).

DRC the Ducker (Demonspawn Gladiator)               Turns: 6005, Time: 00:30:54

Health: -1/53      AC: 14    Str: 15    XL:     7   Next: 73%
Magic:  0/7        EV: 14    Int: 10    God:    Dithmenos [......]
Gold:   251        SH:  0    Dex: 15    Spells: 0 memorised, 6 levels left

rFire  . . .     SeeInvis .     a - +0 rapier
rCold  . . .     Clarity  .     b - +0 leather armour
rNeg   . . .     SustAb   .     (no shield)
rPois  .         Gourm    +     c - +1 helmet
rElec  .         Spirit   +     m - +0 cloak
rCorr  .         Warding  .     (no gloves)
rMut   .         Stasis   .     (no boots)
MR     .....                    p - amulet of the gourmand
Stlth  ++........               (no ring)
                                r - +4 ring of protection

@: not resistant to hostile enchantments, unstealthy
A: iridescent scales 1, powered by pain 1, magic shield
a: Renounce Religion


You were on level 5 of the Dungeon.
You worshipped Dithmenos.
Dithmenos was noncommittal.
You were full.

You visited 2 branches of the dungeon, and saw 6 of its levels.

You collected 251 gold pieces.

Inventory:

Hand weapons
 a - a +0 rapier (weapon)
Missiles
 d - 3 throwing nets
 h - 9 javelins (quivered)
Armour
 b - a +0 leather armour (worn)
 c - a +1 helmet (worn)
 m - a +0 cloak (worn)
Rods
 o - a -2 iron rod (13/13)
   (You found it on level 4 of the Dungeon)
Jewellery
 e - an uncursed amulet of resist corrosion
 i - an uncursed ring of flight
 k - an uncursed ring of ice
 p - an amulet of the gourmand (around neck)
 r - a +4 ring of protection (left hand)
Scrolls
 j - a scroll of remove curse
 l - 2 scrolls of teleportation
 n - 2 scrolls of fear
Potions
 g - a potion of curing
Comestibles
 f - 3 bread rations
 q - a meat ration


   Skills:
 + Level 3.9 Fighting
 + Level 4.7 Short Blades
 - Level 1.8 Throwing
 - Level 1.9 Armour
 + Level 5.4 Dodging
 * Level 3.4 Stealth


You had 6 spell levels left.
You didn't know any spells.

Dungeon Overview and Level Annotations

Branches:
Dungeon (5/15)             Temple (1/1) D:4

Altars:
Ashenzari
Cheibriados
Dithmenos
Elyvilon
Kikubaaqudgha
Makhleb
Nemelex Xobeh
Okawaru
Ru
Sif Muna
Trog
Xom
Yredelemnul
The Shining One


Innate Abilities, Weirdness & Mutations

You are partially covered in iridescent scales (AC +4).
You sometimes gain a little power by taking damage.
When hurt, damage is shared between your health and your magic reserves.


Message History

You closely miss the gnoll.
The gnoll is severely wounded.
The gnoll closely misses you. The gnoll barely misses you.
You barely miss the gnoll.
The gnoll is severely wounded.
The gnoll hits you but does no damage.
You hit the gnoll.
You kill the gnoll!
Dithmenos accepts your kill. The gnoll misses you.
The gnoll completely misses you.
Things that are here:
a whip; a wand of cold {zapped: 6}; 11 gold pieces The gnoll hits you with a whip.
* * * LOW HITPOINT WARNING * * *
You see here a spear.
You hit the gnoll.
The gnoll is moderately wounded.
The gnoll hits you with a whip.
You die...

..#.....# ##.# #
..#.....# #..###.# ..
...#.....####...#.#
...###.......##...##.##
#.............#8..8(.#.#
..............#..##..###
..................(...##
...............#..###..##
....>...@.....)#.###.#..#
....####)g.....###.####.)
#.......##.....###
#.........).).....
#.......#.#####.##
#.........# #..)
##......### #### #......#
#......#


You could see a gnoll.

Vanquished Creatures
  Grinder (D:5)
  An orc warrior (D:5)
  An ogre (D:4)
  Sigmund (D:4)
  A scorpion (D:4)
  Crazy Yiuf (D:4)
  2 orc priests
  An orc wizard (D:5)
  A hound zombie (D:5)
  7 adders
  8 gnolls
  A giant mite (D:4)
  A worm (D:2)
  4 giant geckos
  An ooze (D:2)
  9 orcs
  4 giant cockroaches
  4 goblins
  13 hobgoblins
  11 kobolds
  2 quokkas
  13 bats
  7 giant newts
  9 rats
104 creatures vanquished.

Notes
Turn   | Place    | Note
--------------------------------------------------------------
     0 | D:1      | DRC, the Demonspawn Gladiator, began the quest for the Orb.
     0 | D:1      | Reached XP level 1. HP: 16/16 MP: 1/1
   274 | D:1      | You fall through a shaft!
   311 | D:2      | Gained mutation: You are partially covered in iridescent scales (AC +4). [demonic ancestry]
   311 | D:2      | Reached XP level 2. HP: 22/22 MP: 2/2
   322 | D:2      | Reached skill level 3 in Short Blades
   493 | D:1      | Reached skill level 1 in Stealth
   645 | D:1      | Reached XP level 3. HP: 27/27 MP: 3/3
   998 | D:2      | Found a basalt altar of Yredelemnul.
  1226 | D:2      | Reached skill level 1 in Armour
  1535 | D:2      | Gained mutation: You sometimes gain a little power by taking damage. [demonic ancestry]
  1535 | D:2      | Reached XP level 4. HP: 34/34 MP: 4/4
  2182 | D:3      | Found a deep blue altar of Sif Muna.
  2363 | D:3      | Reached XP level 5. HP: 40/40 MP: 5/5
  2835 | D:4      | Found a staircase to the Ecumenical Temple.
  3086 | Temple   | Entered the Ecumenical Temple
  3166 | Temple   | Became a worshipper of Dithmenos the Shadowed
  3409 | D:4      | Noticed Crazy Yiuf
  3423 | D:4      | Killed Crazy Yiuf
  3633 | D:4      | Noticed Sigmund
  3847 | D:4      | HP: 2/41 [Sigmund/scythe of freezing (12)]
  3851 | D:4      | Killed Sigmund
  3851 | D:4      | Reached skill level 4 in Dodging
  3851 | D:4      | Reached XP level 6. HP: 2/47 MP: 6/6
  4187 | D:4      | Noticed an ogre
  4198 | D:4      | Killed an ogre
  4964 | D:5      | Entered Level 5 of the Dungeon
  5047 | D:5      | Found an iron altar of Okawaru.
  5151 | D:5      | Noticed Grinder
  5271 | D:5      | Paralysed by Grinder for 3 turns
  5274 | D:5      | Killed Grinder
  5274 | D:5      | Reached skill level 5 in Dodging
  5274 | D:5      | Gained mutation: When hurt, damage is shared between your health and your magic reserves. [demonic ancestry]
  5274 | D:5      | Reached XP level 7. HP: 11/52 MP: 7/7
  5998 | D:5      | HP: 1/53 [gnoll/wand of cold (13)]
  6004 | D:5      | HP: 1/53 [gnoll/whip (1)]
  6005 | D:5      | Slain by a gnoll

Action                   |  1- 3 |  4- 6 |  7- 9 || total
-------------------------+-------+-------+-------++-------
Melee: Rapier            |   187 |   288 |    90 ||   565
Throw: Javelin           |       |    14 |       ||    14
  Use: Scroll            |     5 |     9 |       ||    14
       Potion            |       |     3 |       ||     3
 Stab: Sleeping          |       |     2 |       ||     2
       Distracted        |       |     1 |       ||     1
  Eat: Chunk             |     1 |     7 |     4 ||    12
       Pizza             |     1 |       |       ||     1
       Fruit             |       |     2 |       ||     2
       Bread ration      |       |     1 |     1 ||     2
